 Dungeon Crawl Stone Soup version 0.19-a0-1587-gaef70b6 (webtiles) character file.

194 dobroeutro the Slasher (level 5, 0/45 HPs)
             Began as a Minotaur Fighter on Sept 16, 2016.
             Succumbed to a killer bee's poison
             ... on level 3 of the Dungeon.
             The game lasted 00:03:03 (1144 turns).

dobroeutro the Slasher (Minotaur Fighter)           Turns: 1144, Time: 00:03:04

Health: 0/45       AC:  6    Str: 23 (26) XL:     5   Next: 44%
Magic:  4/4        EV:  7    Int:  4 (5)  God:
Gold:   131        SH:  9    Dex:  6 (9)  Spells: 0 memorised, 4 levels left

rFire  . . .     SeeInvis +     a - +0 long sword
rCold  . . .     Gourm    .     b - +0 scale mail
rNeg   . . .     Faith    .     c - +0 shield
rPois  .         Spirit   .     (helmet restricted)
rElec  .         Dismiss  .     (no cloak)
rCorr  .         Reflect  .     (no gloves)
MR     .....     Harm     .     (no boots)
Stlth  ..........               (no amulet)
                                l - ring of see invisible
                                k - +4 ring of strength

@: lethally poisoned (0 -> -8), flying
A: retaliatory headbutt, horns 2
a: no special abilities


You were on level 3 of the Dungeon.
You were not hungry.

You visited 1 branch of the dungeon, and saw 3 of its levels.

You collected 131 gold pieces.

Inventory:

Hand Weapons
 a - a +0 long sword (weapon)
Armour
 b - a +0 scale mail (worn)
 c - a +0 shield (worn)
Jewellery
 k - a +4 ring of strength (left hand)
 l - a ring of see invisible (right hand)
 r - an uncursed ring of flight
Wands
 s - a wand of iceblast (7/15)
Scrolls
 e - a scroll of enchant weapon {unknown}
 g - 2 scrolls of noise {unknown}
 h - 3 scrolls of identify {unknown}
 m - 3 scrolls of remove curse {unknown}
 p - 3 scrolls of random uselessness {unknown}
 v - 2 scrolls of amnesia {unknown}
Potions
 d - 2 potions of might
 n - a potion of lignification {unknown}
 o - a potion of flight
 q - a potion of berserk rage {unknown}
 t - a potion of heal wounds {unknown}
 u - a potion of cancellation {unknown}
Comestibles
 f - 4 bread rations
 w - 5 chunks of flesh


   Skills:
 - Level 3.6 Fighting
 + Level 7.0 Long Blades
 - Level 3.6 Armour
 - Level 3.6 Shields


You had 4 spell levels left.
You didn't know any spells.

Dungeon Overview and Level Annotations

Branches:
Dungeon (3/15)

Altars:


Innate Abilities, Weirdness & Mutations

You reflexively headbutt those who attack you in melee.
You have a pair of horns on your head.


Message History

You kill the killer bee!
Your Long Blades skill increases to level 7!
It was a potion of curing.
You feel better. You block the killer bee's attack.
The killer bee stings you but does no damage.
The killer bee stings you.
* * * LOW HITPOINT WARNING * * *
The killer bee stings you!
* * * LOW HITPOINT WARNING * * *
You are lethally poisoned!
The killer bee poisons you!
You feel better. You block the killer bee's attack. x2
The killer bee stings you.
* * * LOW HITPOINT WARNING * * *
You are lethally poisoned!
The killer bee poisons you!
The killer bee stings you but does no damage.
It was a potion of degeneration.
There was something very wrong with that liquid.
You feel weakened.
You feel dopey.
You feel clumsy.
You die...

#.[##. ##.....
#....##. ........
#########.......
......yy).# #
#########.#.#
.#############yy..#
.............@y.#.#
#.
#####..######..#.#
#.. #..# #..# #
.... #..# #.... ..#
#..# ..#(.# ...
#..# .###.#
#.##..#####. ..
###.#.)..........
..
.......<..####...


You could see 3 killer bees.

Vanquished Creatures
  2 killer bees (D:3)
  6 gnolls
  An ooze (D:2)
  2 worms (D:2)
  4 dart slugs
  6 bats
  A giant cockroach (D:2)
  4 goblins
  5 hobgoblins
  2 jackals (D:2)
  A ball python (D:1)
  2 frilled lizards (D:2)
  2 kobolds (D:1)
  5 rats
43 creatures vanquished.

Notes
Turn   | Place    | Note
-------+----------+-------------------------------------------
     0 | D:1      | dobroeutro the Minotaur Fighter began the quest for the Orb.
     0 | D:1      | Reached XP level 1. HP: 19/19 MP: 0/0
   175 | D:1      | Reached skill level 3 in Long Blades
   262 | D:1      | Reached XP level 2. HP: 23/26 MP: 1/1
   427 | D:1      | Reached skill level 4 in Long Blades
   532 | D:2      | Reached XP level 3. HP: 31/31 MP: 2/2
   965 | D:2      | Reached skill level 5 in Long Blades
   969 | D:2      | Reached XP level 4. HP: 34/39 MP: 3/3
  1133 | D:3      | Reached skill level 6 in Long Blades
  1133 | D:3      | Reached XP level 5. HP: 31/45 MP: 4/4
  1138 | D:3      | Reached skill level 7 in Long Blades
  1142 | D:3      | HP: 1/45 [killer bee (7)]
  1144 | D:3      | Succumbed to a killer bee's poison

Vault maps used:
D:1:      dpeg_arrival_rhombi
D:2:      first_bread
D:3:      gammafunk_temple_overflow_wave, grunt_qazlal_clouds

Skill      XL: |  1  2  3  4  5 |
---------------+----------------+-----
Long Blades    | 3 4 5 6 7 |  7.0
Fighting       | |  3.6
Armour         | |  3.6
Shields        | |  3.6

Action                   |  1- 3 |  4- 6 || total
-------------------------+-------+-------++-------
Melee: Long sword        |    88 |    42 ||   130
       Headbutt          |    15 |     8 ||    23
  Use: Potion            |       |     4 ||     4
  Eat: Chunk             |       |     1 ||     1
Armor: Scale mail        |    33 |    17 ||    50
Dodge: Dodged            |    31 |    13 ||    44
Block: Shield            |    45 |    31 ||    76
